TOP OF THE 1ST |
Amarillo Archdukes batting - Pitching for Indiana Hounds : RHP Ronald Moore
|
Pitching: RHP Ronald Moore
|
|
Batting: RHB Eric Fuller
|
0-0: Foul Ball, location: 2F 0-1: Called Strike 0-2: Ball 1-2: Foul Ball, location: 2F 1-2: Ball 2-2: Fly out, F8 (Flyball, 8RD)
|
Batting: RHB Norm Francis
|
0-0: Ball 1-0: Ball 2-0: SINGLE (Line Drive, 8LS)
|
Batting: SHB Douglas Taylor
|
0-0: Ball 1-0: Fly out, F8 (Flyball, 8RD)
|
Batting: LHB Michael Cook
|
0-0: Ball 1-0: Ball Norm Francis steals 2nd base 2-0: Ball 3-0: Called Strike 3-1: SINGLE (Flyball, 8LS) Norm Francis to third Runner from 3rd tries for Home, SAFE, no throw
|
Batting: LHB Howard Lambert
|
0-0: Ball 1-0: Fly out, F9 (Line Drive, 89S)
|
Top of the 1st over - 1 run(s), 2 hit(s), 0 error(s), 1 left on base; Amarillo 1 - Indiana 0 |
BOTTOM OF THE 1ST |
Indiana Hounds batting - Pitching for Amarillo Archdukes : LHP Curt Montgomery
|
Pitching: LHP Curt Montgomery
|
|
Batting: RHB Danny Walker
|
0-0: Foul Ball, location: 2F 0-1: Swinging Strike 0-2: Foul Ball, location: 2F 0-2: Ground out 6-3 (Groundball, 6)
|
Batting: LHB Dave Watson
|
0-0: Ball 1-0: DOUBLE (Line Drive, 9LS)
|
Batting: LHB Joe Sanders
|
0-0: Ball 1-0: Foul Ball, location: 2F 1-1: Foul Ball, location: 2F Balk! Dave Watson to third 1-2: Foul Ball, location: 2F 1-2: Ball 2-2: Ball 3-2: Ground out U3 (Groundball, 3L)
|
Batting: RHB Juan Brito
|
0-0: Ball 1-0: Ball 2-0: Ball 3-0: Called Strike 3-1: Base on Balls
|
Batting: LHB Dave Helásquez
|
0-0: SINGLE (Groundball, 34D) Dave Watson scores Juan Brito to second Runner from 2nd tries for 3rd, SAFE, throw made to third
|
Batting: RHB Carlos Moya
|
0-0: Fly out, F9 (Flyball, 9S)
|
Bottom of the 1st over - 1 run(s), 2 hit(s), 0 error(s), 2 left on base; Amarillo 1 - Indiana 1 |
TOP OF THE 2ND |
Amarillo Archdukes batting - Pitching for Indiana Hounds : RHP Ronald Moore
|
Batting: LHB Chris Pryor
|
0-0: Ball 1-0: Ground out 1-3 (Groundball, 13S)
|
Batting: RHB Jorge Espinosa
|
0-0: Swinging Strike 0-1: Called Strike 0-2: Strikes out swinging
|
Batting: LHB Edwin Ryan
|
0-0: Ball 1-0: Ball 2-0: Foul Ball, location: 2F 2-1: SINGLE (Groundball, 6MD)
|
Batting: RHB Paul Ladd
|
0-0: Called Strike 0-1: Fielders Choice at 2nd, 4-6 (Groundball, 4)
|
Top of the 2nd over - 0 run(s), 1 hit(s), 0 error(s), 0 left on base; Amarillo 1 - Indiana 1 |
BOTTOM OF THE 2ND |
Indiana Hounds batting - Pitching for Amarillo Archdukes : LHP Curt Montgomery
|
Batting: RHB Paco Castillo
|
0-0: Ball 1-0: TRIPLE (Line Drive, 89S)
|
Batting: LHB Junior Coates
|
0-0: Ball 1-0: Ball 2-0: Foul Ball, location: 2F 2-1: SINGLE (Line Drive, 56) Paco Castillo scores
|
Batting: RHB Doug Murray
|
0-0: Ball 1-0: Ball 2-0: Swinging Strike 2-1: Ball 3-1: SINGLE (Line Drive, 8RS) Junior Coates to second
|
Batting: RHB Danny Walker
|
0-0: SINGLE (Groundball, 34D) Junior Coates to third Doug Murray to second Runner from 3rd tries for Home, SAFE, no throw
|
Batting: LHB Dave Watson
|
0-0: Ball 1-0: Called Strike 1-1: Swinging Strike 1-2: Strikes out swinging
|
Batting: LHB Joe Sanders
|
0-0: Called Strike Doug Murray steals 3rd base Danny Walker to second 0-1: Ball 1-1: Ball 2-1: Foul Ball, location: 2F 2-2: Fly out, F5 (Popup, 56D)
|
Batting: RHB Juan Brito
|
0-0: Called Strike 0-1: SINGLE (Line Drive, 89S) Doug Murray scores Danny Walker to third Runner from 3rd tries for Home, SAFE, no throw
|
Batting: LHB Dave Helásquez
|
0-0: Foul Ball, location: 2F 0-1: SINGLE (Groundball, 6MD) Juan Brito to second Runner from 2nd tries for 3rd, SAFE, throw made to third
|
Batting: RHB Carlos Moya
|
0-0: Ball 1-0: Swinging Strike 1-1: Ball 2-1: Ball 3-1: Called Strike 3-2: Strikes out swinging
|
Bottom of the 2nd over - 4 run(s), 6 hit(s), 0 error(s), 2 left on base; Amarillo 1 - Indiana 5 |
TOP OF THE 3RD |
Amarillo Archdukes batting - Pitching for Indiana Hounds : RHP Ronald Moore
|
Batting: RHB Eric Fuller
|
0-0: Called Strike 0-1: Foul Ball, location: 2F 0-2: Reached on error, E3 (Groundball, 2R)
|
Batting: RHB Norm Francis
|
0-0: Foul Ball, location: 2F 0-1: Ball 1-1: Ball 2-1: TRIPLE (Flyball, 8RXD) Eric Fuller scores
|
Batting: SHB Douglas Taylor
|
0-0: Foul Ball, location: 2F 0-1: Ball 1-1: Called Strike 1-2: SINGLE (Flyball, 6MD) Norm Francis scores
|
Batting: LHB Michael Cook
|
0-0: Ball 1-0: Foul Ball, location: 2F 1-1: Fly out, F4 (Line Drive, 4)
|
Batting: LHB Howard Lambert
|
0-0: Called Strike 0-1: Grounds into double play, 4-6-3 (Groundball, 34)
|
Top of the 3rd over - 2 run(s), 2 hit(s), 1 error(s), 0 left on base; Amarillo 3 - Indiana 5 |
BOTTOM OF THE 3RD |
Indiana Hounds batting - Pitching for Amarillo Archdukes : LHP Curt Montgomery
|
Batting: RHB Paco Castillo
|
0-0: Ball 1-0: Ball 2-0: Foul Ball, location: 2F 2-1: Foul Ball, location: 2F 2-2: Ground out 4-3 (Groundball, 4)
|
Batting: LHB Junior Coates
|
0-0: Ball 1-0: Swinging Strike 1-1: Foul Ball, location: 2F 1-2: Ball 2-2: Strikes out looking
|
Batting: RHB Doug Murray
|
0-0: Foul Ball, location: 2F 0-1: Ball 1-1: SINGLE (Groundball, 6MD)
|
Batting: RHB Danny Walker
|
0-0: Ball 1-0: Called Strike 1-1: Called Strike 1-2: Fly out, F5 (Popup, 5D)
|
Bottom of the 3rd over - 0 run(s), 1 hit(s), 0 error(s), 1 left on base; Amarillo 3 - Indiana 5 |
TOP OF THE 4TH |
Amarillo Archdukes batting - Pitching for Indiana Hounds : RHP Ronald Moore
|
Batting: LHB Chris Pryor
|
0-0: Ball 1-0: Ball 2-0: Ball 3-0: Base on Balls
|
Batting: RHB Jorge Espinosa
|
0-0: Ball 1-0: Ball 2-0: Called Strike 2-1: SINGLE (Line Drive, 4MD) Chris Pryor to second
|
Batting: LHB Edwin Ryan
|
0-0: Called Strike 0-1: SINGLE (Groundball, 4MD) Chris Pryor to third Jorge Espinosa to second
|
Batting: RHB Paul Ladd
|
0-0: Foul Ball, location: 2F 0-1: Ball 1-1: Fly out, F3 (Flyball, 3DF)
|
Batting: RHB Eric Fuller
|
0-0: Ball 1-0: Foul Ball, location: 2F 1-1: Ball 2-1: Ball 3-1: Base on Balls Chris Pryor scores Jorge Espinosa to third Edwin Ryan to second
|
Pitching: RHP Teddy Mathews
|
|
Batting: RHB Norm Francis
|
0-0: Called Strike 0-1: Ball 1-1: Grounds into fielders choice 1-2 (Groundball, P) Edwin Ryan to third Eric Fuller to second
|
Batting: SHB Douglas Taylor
|
0-0: SINGLE (Line Drive, 8RS) Edwin Ryan scores Eric Fuller to third Norm Francis to second Runner from 3rd tries for Home, SAFE, no throw
|
Batting: LHB Michael Cook
|
0-0: Ball 1-0: Ball 2-0: Ball 3-0: Base on Balls Norm Francis to third Douglas Taylor to second
|
Batting: LHB Howard Lambert
|
0-0: Ball 1-0: Fly out, F6 (Popup, 6D)
|
Top of the 4th over - 3 run(s), 3 hit(s), 0 error(s), 3 left on base; Amarillo 6 - Indiana 5 |
BOTTOM OF THE 4TH |
Indiana Hounds batting - Pitching for Amarillo Archdukes : LHP Curt Montgomery
|
Batting: LHB Dave Watson
|
0-0: SINGLE (Groundball, 34D)
|
Batting: LHB Joe Sanders
|
0-0: Ball 1-0: Fly out, F9 (Line Drive, 9)
|
Batting: RHB Juan Brito
|
0-0: Ball 1-0: Ball 2-0: Called Strike 2-1: Swinging Strike 2-2: Strikes out looking
|
Batting: LHB Dave Helásquez
|
0-0: Foul Ball, location: 2F 0-1: Called Strike 0-2: Ball 1-2: Fielders Choice at 2nd, U4 (Groundball, 4M)
|
Bottom of the 4th over - 0 run(s), 1 hit(s), 0 error(s), 1 left on base; Amarillo 6 - Indiana 5 |
TOP OF THE 5TH |
Amarillo Archdukes batting - Pitching for Indiana Hounds : RHP Teddy Mathews
|
Batting: LHB Chris Pryor
|
0-0: Fly out, F7 (Flyball, 7LS)
|
Batting: RHB Jorge Espinosa
|
0-0: Called Strike 0-1: Ground out 4-3 (Groundball, 4M)
|
Batting: LHB Edwin Ryan
|
0-0: Foul Ball, location: 2F 0-1: Ball 1-1: SINGLE (Line Drive, 89S)
|
Batting: RHB Paul Ladd
|
0-0: Called Strike Edwin Ryan is caught stealing 2nd base
|
Top of the 5th over - 0 run(s), 1 hit(s), 0 error(s), 0 left on base; Amarillo 6 - Indiana 5 |
BOTTOM OF THE 5TH |
Indiana Hounds batting - Pitching for Amarillo Archdukes : LHP Curt Montgomery
|
Batting: RHB Carlos Moya
|
0-0: Ball 1-0: Foul Ball, location: 2F 1-1: Foul Ball, location: 2F 1-2: SINGLE (Line Drive, 6MD)
|
Batting: RHB Paco Castillo
|
0-0: Ball 1-0: Ground out 5-3 (Groundball, 56S) Carlos Moya to second
|
Batting: LHB Junior Coates
|
0-0: Foul Ball, location: 2F 0-1: Ball 1-1: Swinging Strike 1-2: Strikes out swinging
|
Batting: RHB Doug Murray
|
0-0: Called Strike 0-1: Ball 1-1: Called Strike 1-2: Strikes out swinging
|
Bottom of the 5th over - 0 run(s), 1 hit(s), 0 error(s), 1 left on base; Amarillo 6 - Indiana 5 |
TOP OF THE 6TH |
Amarillo Archdukes batting - Pitching for Indiana Hounds : RHP Teddy Mathews
|
Batting: RHB Paul Ladd
|
0-0: Ball 1-0: Ball 2-0: Ball 3-0: Called Strike 3-1: Fly out, F6 (Line Drive, 6)
|
Batting: RHB Eric Fuller
|
0-0: Foul Ball, location: 2F 0-1: Called Strike 0-2: Ball 1-2: Ball 2-2: Ball 3-2: Strikes out swinging
|
Batting: RHB Norm Francis
|
0-0: Ball 1-0: Ball 2-0: Ball 3-0: Called Strike 3-1: Base on Balls
|
Batting: SHB Douglas Taylor
|
0-0: Ball 1-0: Ball Norm Francis steals 2nd base 2-0: Ball 3-0: Base on Balls
|
Pitching: RHP Enrique Gómez
|
|
Batting: LHB Michael Cook
|
0-0: Ball 1-0: Ball 2-0: Called Strike 2-1: Foul Ball, location: 2F 2-2: Ball 3-2: Base on Balls Norm Francis to third Douglas Taylor to second
|
Batting: LHB Howard Lambert
|
0-0: Ball Wild Pitch! Norm Francis scores Douglas Taylor to third Michael Cook to second 1-0: Foul Ball, location: 2F 1-1: Called Strike 1-2: Ball 2-2: Ball 3-2: Strikes out looking
|
Top of the 6th over - 1 run(s), 0 hit(s), 0 error(s), 2 left on base; Amarillo 7 - Indiana 5 |
BOTTOM OF THE 6TH |
Indiana Hounds batting - Pitching for Amarillo Archdukes : LHP Curt Montgomery
|
Pitching: RHP Atsushi Kataoka
|
|
Batting: RHB Danny Walker
|
0-0: Called Strike 0-1: Ball 1-1: Ball 2-1: Fly out, F8 (Flyball, 8RM)
|
Batting: LHB Dave Watson
|
0-0: Ground out 4-3 (Groundball, 34)
|
Batting: LHB Joe Sanders
|
0-0: Foul Ball, location: 2F 0-1: Called Strike 0-2: Ball 1-2: Ball 2-2: Ball 3-2: Ground out U3 (Groundball, 3)
|
Bottom of the 6th over - 0 run(s), 0 hit(s), 0 error(s), 0 left on base; Amarillo 7 - Indiana 5 |
TOP OF THE 7TH |
Amarillo Archdukes batting - Pitching for Indiana Hounds : RHP Enrique Gómez
|
Batting: LHB Chris Pryor
|
0-0: Ball 1-0: Foul Ball, location: 2F 1-1: Ball 2-1: Foul Ball, location: 2F 2-2: Strikes out swinging
|
Pitching: RHP Rob Hill
|
|
Batting: RHB Jorge Espinosa
|
0-0: Ground out 4-3 (Groundball, 4)
|
Batting: LHB Edwin Ryan
|
0-0: Ball 1-0: Swinging Strike 1-1: Foul Ball, location: 2F 1-2: DOUBLE (Line Drive, 9LM) - OUT at third base trying to stretch hit.
|
Top of the 7th over - 0 run(s), 1 hit(s), 0 error(s), 0 left on base; Amarillo 7 - Indiana 5 |
BOTTOM OF THE 7TH |
Indiana Hounds batting - Pitching for Amarillo Archdukes : RHP Atsushi Kataoka
|
Batting: RHB Juan Brito
|
0-0: Ball 1-0: Ball 2-0: Ball 3-0: Base on Balls
|
Pitching: LHP Charlie Conner
|
|
Batting: LHB Dave Helásquez
|
0-0: Called Strike 0-1: Ball 1-1: Foul Ball, location: 2F 1-2: Foul Ball, location: 2F 1-2: Ball 2-2: Fly out, F8 (Flyball, 8RXD)
|
Pitching: RHP Brian Hull
|
|
Batting: RHB Carlos Moya
|
0-0: TRIPLE (Flyball, 7LD) Juan Brito scores
|
Batting: RHB Paco Castillo
|
0-0: Ball 1-0: Swinging Strike 1-1: Fly out, F8 (Flyball, 78M) Runner from 3rd tags up, SCORES, no throw
|
Batting: LHB Junior Coates
|
0-0: Swinging Strike 0-1: Ball 1-1: Called Strike 1-2: Foul Ball, location: 2F 1-2: SOLO HOME RUN (Flyball, 7D), Distance : 370 ft
|
Batting: RHB Doug Murray
|
0-0: Fly out, F8 (Line Drive, 8RXD)
|
Bottom of the 7th over - 3 run(s), 2 hit(s), 0 error(s), 0 left on base; Amarillo 7 - Indiana 8 |
TOP OF THE 8TH |
Amarillo Archdukes batting - Pitching for Indiana Hounds : RHP Rob Hill
|
Batting: RHB Paul Ladd
|
0-0: Swinging Strike 0-1: Ball 1-1: Ground out 5-3 (Groundball, 5)
|
Batting: RHB Eric Fuller
|
0-0: Called Strike 0-1: Ball 1-1: Ball 2-1: Ball 3-1: Foul Ball, location: 2F 3-2: Strikes out swinging
|
Batting: RHB Norm Francis
|
0-0: Ball 1-0: Called Strike 1-1: Swinging Strike 1-2: Foul Ball, location: 2F 1-2: Foul Ball, location: 2F 1-2: Foul Ball, location: 2F 1-2: Strikes out looking
|
Top of the 8th over - 0 run(s), 0 hit(s), 0 error(s), 0 left on base; Amarillo 7 - Indiana 8 |
BOTTOM OF THE 8TH |
Indiana Hounds batting - Pitching for Amarillo Archdukes : RHP Brian Hull
|
Batting: RHB Danny Walker
|
0-0: Called Strike 0-1: SINGLE (Groundball, 4D)
|
Batting: LHB Dave Watson
|
0-0: Ball 1-0: Sac Bunt - play at first, batter OUT! 1-4 Danny Walker to second
|
Batting: LHB Joe Sanders
|
0-0: Intentional Walk
|
Pinch Hitting: RHB Vicente Valentín
|
0-0: Ball 1-0: Ball 2-0: Called Strike 2-1: Foul Ball, location: 2F 2-2: Ball 3-2: Strikes out swinging
|
Pitching: LHP Rob Lucas
|
|
Pinch Hitting: RHB Jeff Jones
|
0-0: Ball 1-0: Foul Ball, location: 2F 1-1: Fly out, F8 (Flyball, 8RM)
|
Bottom of the 8th over - 0 run(s), 1 hit(s), 0 error(s), 2 left on base; Amarillo 7 - Indiana 8 |
TOP OF THE 9TH |
Amarillo Archdukes batting - Pitching for Indiana Hounds : RHP Rob Hill
|
Pitching: LHP Pedro Torres
|
|
Now at 3B: Jeff Jones
|
|
Now in RF: Vicente Valentín
|
|
Batting: SHB Douglas Taylor
|
0-0: Ball 1-0: DOUBLE (Flyball, 7D)
|
Batting: LHB Michael Cook
|
0-0: Ball 1-0: Foul Ball, location: 2F 1-1: Ball 2-1: Ground out 4-3 (Groundball, 4S) Douglas Taylor to third
|
Batting: LHB Howard Lambert
|
0-0: Ball 1-0: Called Strike 1-1: Foul Ball, location: 2F 1-2: Ground out 3-1 (Groundball, 34)
|
Batting: LHB Chris Pryor
|
0-0: Ball 1-0: Called Strike 1-1: Swinging Strike 1-2: Strikes out swinging
|
Top of the 9th over - 0 run(s), 1 hit(s), 0 error(s), 1 left on base; Amarillo 7 - Indiana 8 |
|